 Dungeon Crawl Stone Soup version 0.29-a0-330-g52719c12eb (webtiles) character file.

Game seed: 5321237516155594228

7758 kae the Arsonist (level 11, -2/66 HPs)
             Began as a Tengu Fire Elementalist on Apr 14, 2022.
             Was a Follower of Ashenzari.
             Slain by a white ugly thing (27 damage)
             ... on level 10 of the Dungeon.
             The game lasted 00:12:48 (15086 turns).

kae the Arsonist (Tengu Fire Elementalist)         Turns: 15086, Time: 00:12:48

Health: -2/66      AC: 12    Str:  8    XL:     11   Next: 20%
Magic:  11/22      EV: 18    Int: 19    God:    Ashenzari [*.....]
Gold:   1561       SH: 11    Dex: 16    Spells: 3/23 levels left

rFire   + + .      SeeInvis .   y - staff of fire
rCold   x . .      Faith    .   k - +1 kite shield
rNeg    . . .      Spirit   .   r - +0 swamp dragon scales of the Chained Liberalism {rPois, Fort, Elem} (curse)
rPois   +          Reflect  .   H - +2 hat "Vision of the Sphere" {Cun, Self} (curse)
rElec   .          Harm     .   G - +0 cloak
rCorr   .          Rampage  .   (no gloves)
Will    .....                   (boots unavailable)
Stlth   ++........              a - amulet of regeneration
HPRegen 1.01/turn               p - ring of fire
MPRegen 0.18/turn               C - +4 ring of evasion

@: flying quickly and evasively, quick
A: beak, talons 3, nimble flight
a: Renounce Religion, Curse Item, Shatter the Chains


You were on level 10 of the Dungeon.
You worshipped Ashenzari.
Ashenzari was aware of your devotion.
You visited 1 branch of the dungeon, and saw 10 of its levels.
You also visited: Sewer.

You collected 1561 gold pieces.

Inventory:

Hand Weapons
 c - a +0 dagger of protection
 l - a +0 lajatang of electrocution
 F - the +6 mace of Cunis {vorpal, Fly rPois}
   (You found it on level 6 of the Dungeon)

   It inflicts extra damage upon your enemies.
   rPois:     It protects you from poison.
   Fly:       It grants you flight.
Missiles
 m - 2 throwing nets
Armour
 k - a +1 kite shield (worn)
 r - the cursed +0 swamp dragon scales of the Chained Liberalism (worn) {rPois, Fort, Elem}
   (You found it on level 3 of the Dungeon)

   rPois:     It protects you from poison.
   It has a curse which improves the following skills: Fortitude: Armour and
   Shields.
   Elements:  Fire Magic, Ice Magic, Air Magic and Earth Magic.
 G - a +0 cloak (worn)
 H - the cursed +2 hat "Vision of the Sphere" (worn) {Cun, Self}
   (You found it on level 7 of the Dungeon)

   It has a curse which improves the following skills: Cunning: Dodging and
   Stealth.
   Introspection: Fighting and Spellcasting.
Magical Staves
 y - a staff of fire (weapon)
Jewellery
 a - an amulet of regeneration (around neck)
 j - an amulet of guardian spirit
 p - a ring of fire (left hand)
 B - a +6 ring of dexterity
 C - a +4 ring of evasion (right hand)
 D - a ring of ice
 E - a ring of resist corrosion
 I - a ring of wizardry
 K - a ring of ice
Wands
 x - a wand of flame (9)
 A - a wand of mindburst (21)
Scrolls
 b - 2 scrolls of magic mapping
 d - 5 scrolls of teleportation
 e - 3 scrolls of fog
 f - 2 scrolls of identify
 h - 3 scrolls of holy word
 v - a scroll of amnesia
Potions
 g - a potion of invisibility
 i - 2 potions of heal wounds
 n - 2 potions of attraction
 o - a potion of mutation
 q - a potion of ambrosia
 s - 2 potions of might
 t - 2 potions of cancellation
 u - 6 potions of curing
 w - 3 potions of haste
 z - 3 potions of resistance
 J - a potion of magic


   Skills:
 + Level 5.8(6.7) Fighting
 + Level 1.1 Staves
 + Level 5.9(6.7) Armour
 + Level 7.0(7.9) Dodging
 - Level 2.0(2.6) Stealth
 + Level 5.4(6.2) Shields
 + Level 5.9(6.7) Spellcasting
 + Level 8.0 Conjurations
 * Level 10.2(11.0) Fire Magic
 + Level 1.0 Evocations


You had 3 spell levels left.
You knew the following spells:

 Your Spells              Type           Power      Damage    Failure   Level
a - Foxfire               Conj/Fire      100%       2x1d9     1%          1
b - Scorch                Fire           100%       2d10      1%          2
c - Conjure Flame         Conj/Fire      77%        6-21      4%          3
d - Inner Flame           Hex/Fire       57%        N/A       22%         3
e - Flame Wave            Conj/Fire      77%        2d14      14%         4
f - Ignite Poison         Fire/Tmut/Pois 45%        N/A       43%         3
g - Sticky Flame          Conj/Fire      77%        2d9       14%         4

Your spell library contained the following spells:

 Spells                   Type           Power      Damage    Failure   Level
 Sting                    Tmut/Pois      24%        1d4       58%         1
 Corpse Rot               Necr/Air       12%        N/A       73%         2
 Poisonous Vapours        Pois/Air       12%        N/A       73%         2
 Irradiate                Conj/Tmut      10%        3d16      98%         5
 Cause Fear               Hex            3%         N/A       100%        4
 Olgreb's Toxic Radiance  Pois           6%         N/A       100%        4
 Blade Hands              Tmut           3%         N/A       100%        5
 Dragon Form              Tmut           3%         N/A       100%        7
 Dragon's Call            Summ           3%         N/A       100%        9


Dungeon Overview and Level Annotations

Branches:
Dungeon (10/15)            Temple (0/1) D:6            Lair (0/6) D:8
  Sewer (visited)
    Orc: D:9-12

Altars:
Ashenzari
Cheibriados
Fedhas
Gozag
Qazlal
Trog
Uskayaw
Vehumet
Wu Jian
Xom
Zin
The Shining One

Shops:
D:6 :

Annotations:
D:2 Terence
D:9 exclusion: ugly thing


Innate Abilities, Weirdness & Mutations

You have a beak for a mouth.
You have claws for feet.
Your magical nature lets you fly swiftly and evasively.


Message History

The foxfire hits the white ugly thing!
The white ugly thing is moderately wounded.
The foxfire hits the white ugly thing.
The white ugly thing is moderately wounded.
Casting: Foxfire (safe; 1% risk of failure)
Confirm with . or Enter, or press ? or * to list all spells.
You can't see any susceptible monsters within range! (Use Z to cast anyway.)
Casting: Foxfire (safe; 1% risk of failure)
Confirm with . or Enter, or press ? or * to list all spells.
You feel a strong surge of power!
You conjure some foxfire!
A deep elf pyromancer comes into view. It is wielding a +0 short sword.
A yak comes into view.
The foxfire hits the white ugly thing.
The white ugly thing is moderately wounded.
The foxfire hits the white ugly thing.
The white ugly thing is heavily wounded.
The deep elf pyromancer mumbles some strange words.
The deep elf pyromancer blinks!
You can't go up here!
The white ugly thing barely misses you.
You fly downwards.
There is a stone staircase leading up here.
Casting: Foxfire (safe; 1% risk of failure)
Confirm with . or Enter, or press ? or * to list all spells.
You feel a strong surge of power!
Flames lash the white ugly thing.
The white ugly thing is severely wounded.
The white ugly thing's fire resistance burns away.
The white ugly thing trunk-slaps you. The white ugly thing freezes you!!
You feel a terrible chill!
Ouch! That really hurt!
The white ugly thing trunk-slaps you but does no damage.
Casting: Scorch (safe; 1% risk of failure)
Confirm with . or Enter, or press ? or * to list all spells.
You feel a strong surge of power!
Flames lash the white ugly thing.
The white ugly thing is burned terribly!
The white ugly thing is almost dead.
You block the white ugly thing's attack.
The white ugly thing trunk-slaps you. The white ugly thing freezes you!!
You feel a terrible chill!
You die...

.........#....#......#..##
.........#......#....#...#
##....#.........##.......#
##...##..................#
####......#..........#####
#.....................#
......................#
.)................#...#######
................@.#.#.......#
.<.............u..........#.#
..............#.#.#.#.#.#.#.#
......####.#. #.#.#.#.#.#.#.#
##....# #.. ..#.#.#.#.#.#.#
####..# ## #..#.#.#.#.#.#.#
.# #### #..#.#.#.#.#.#.# ##
#............#.# #
...#####.##.#.#


You could see a white ugly thing (combustible).

Vanquished Creatures
  A two-headed ogre (D:9)
  Pikel (D:5)
  Maggie (D:6)
  2 trolls (D:10)
  Sigmund (D:5)
  A shadow (D:9)
  A wraith (D:9)
  A wyvern (D:6)
  5 yaks
  3 water moccasins
  4 orc warriors
  4 ice beasts
  5 black bears
  2 sky beasts (D:5)
  4 centaurs
  3 lemures (D:5)
  A phantom (D:6)
  5 kobold brigands
  5 bullfrogs
  3 necrophages
  2 scorpions
  A gnoll sergeant (D:10)
  12 killer bees
  An electric eel (D:6)
  A howler monkey (D:9)
  A hound (D:5)
  Crazy Yiuf (D:6)
  5 orc priests
  2 jellies (D:7)
  An iguana (D:6)
  11 orc wizards
  Natasha (thrice) (D:2)
  4 gnolls
  11 adders
  5 river rats (Sewer)
  A shadow imp (D:7)
  2 white imps
  3 ufetubi
  2 worms (D:3)
  3 dart slugs
  26 orcs
  15 ball pythons
  6 bats
  2 endoplasms
  4 giant cockroaches
  4 goblins
  7 hobgoblins
  6 jackals (D:1)
  4 quokkas
  4 frilled lizards
  41 kobolds
  28 rats
272 creatures vanquished.

Vanquished Creatures (collateral kills)
  7 foxfires (D:8)
7 creatures vanquished.

Vanquished Creatures (others)
  734 foxfires
  45 fungi
  54 plants
833 creatures vanquished.

Grand Total: 1112 creatures vanquished

Notes
Turn   | Place    | Note
-------+----------+-------------------------------------------
     0 | D:1      | kae the Tengu Fire Elementalist began the quest for the
                  | Orb.
     0 | D:1      | Reached XP level 1. HP: 10/10 MP: 4/4
   314 | D:1      | Reached XP level 2. HP: 16/16 MP: 4/6
   968 | D:1      | Reached XP level 3. HP: 19/20 MP: 5/7
  1243 | D:1      | Reached skill level 1 in Fighting
  1462 | D:1      | Found a faded altar of an unknown god.
  1667 | D:2      | Noticed Natasha
  1678 | D:2      | Killed Natasha
  1679 | D:2      | Reached skill level 4 in Fire Magic
  1679 | D:2      | Reached XP level 4. HP: 25/25 MP: 6/8
  1737 | D:2      | Learned a level 2 spell: Scorch
  1741 | D:2      | Learned a level 3 spell: Conjure Flame
  1779 | D:2      | Noticed Natasha
  1787 | D:2      | Killed Natasha
  2254 | D:2      | Gained mutation: Your magical nature lets you fly swiftly
                  | and evasively. [Tengu growth]
  2254 | D:2      | Reached XP level 5. HP: 21/29 MP: 2/9
  2436 | D:2      | Noticed Terence
  2519 | D:2      | Noticed Natasha
  2524 | D:2      | Killed Natasha
  3087 | D:3      | Reached skill level 5 in Fire Magic
  3087 | D:3      | Reached XP level 6. HP: 8/35 MP: 1/11
  4394 | D:4      | Noticed a black bear
  4407 | D:4      | Killed a black bear
  4551 | D:4      | Reached skill level 1 in Armour
  5415 | D:5      | Entered Level 5 of the Dungeon
  5427 | D:5      | Identified a scroll of acquirement
  5580 | D:5      | Reached XP level 7. HP: 27/40 MP: 6/12
  5585 | D:5      | Reached skill level 1 in Shields
  5693 | D:5      | Found a glowing drain.
  5716 | Sewer    | Entered a sewer
  6884 | D:5      | Noticed Sigmund
  6922 | D:5      | Killed Sigmund
  6923 | D:5      | Reached skill level 6 in Fire Magic
  7291 | D:5      | Found a glowing golden altar of the Shining One.
  7293 | D:5      | Found a hide-covered altar of Uskayaw.
  7293 | D:5      | Found a blossoming altar of Fedhas.
  7293 | D:5      | Found a broken altar of Ashenzari.
  7293 | D:5      | Found a shimmering altar of Xom.
  7294 | D:5      | Found a radiant altar of Vehumet.
  7294 | D:5      | Found a snail-covered altar of Cheibriados.
  7377 | D:5      | Became a worshipper of Ashenzari the Shackled
  7426 | D:6      | Found Guwe's Book Boutique.
  7446 | D:5      | Reached XP level 8. HP: 26/45 MP: 2/14
  8016 | D:6      | Noticed Pikel
  8446 | D:5      | Acquired a staff of fire
  8522 | D:5      | Killed Pikel
  8523 | D:5      | Reached skill level 5 in Conjurations
  8523 | D:5      | Reached skill level 7 in Fire Magic
  8523 | D:5      | Reached XP level 9. HP: 52/52 MP: 4/16
  8624 | D:6      | Noticed Maggie
  8635 | D:5      | Learned a level 3 spell: Inner Flame
  8640 | D:5      | Learned a level 4 spell: Flame Wave
  8644 | D:5      | Learned a level 3 spell: Ignite Poison
  8656 | D:6      | Reached skill level 5 in Dodging
  8860 | D:6      | Killed Maggie
  9188 | D:6      | Reached skill level 8 in Fire Magic
  9220 | D:6      | Identified the +6 mace of Cunis {vorpal, Fly rPois}
  9237 | D:6      | Found a runed translucent door.
  9238 | D:6      | Noticed Crazy Yiuf
  9274 | D:6      | Killed Crazy Yiuf
  9381 | D:6      | Found a staircase to the Ecumenical Temple.
 10119 | D:7      | Found an opulent altar of Gozag.
 10496 | D:7      | Found a bloodstained altar of Trog.
 10664 | D:7      | Acquired 1003 gold pieces
 10768 | D:8      | Reached XP level 10. HP: 49/58 MP: 7/18
 10787 | D:8      | Reached skill level 5 in Spellcasting
 11063 | D:8      | Reached skill level 9 in Fire Magic
 11081 | D:8      | Reached skill level 5 in Fighting
 11222 | D:8      | Found a staircase to the Lair.
 11459 | D:8      | Reached skill level 5 in Armour
 12537 | D:9      | Noticed a white ugly thing
 13328 | D:9      | Reached * piety under Ashenzari
 13401 | D:9      | Found a stormy altar of Qazlal.
 13426 | D:9      | Found an ornate altar of the Wu Jian Council.
 13466 | D:9      | Noticed a two-headed ogre
 13507 | D:9      | Killed a two-headed ogre
 13508 | D:9      | Reached skill level 5 in Shields
 13954 | D:9      | Reached XP level 11. HP: 58/66 MP: 13/21
 14369 | D:9      | Found a glowing silver altar of Zin.
 14478 | D:9      | Reached skill level 10 in Fire Magic
 14623 | D:10     | Entered Level 10 of the Dungeon
 14819 | D:9      | Reached skill level 1 in Staves
 14903 | D:9      | Learned a level 4 spell: Sticky Flame
 15065 | D:10     | Reached skill level 1 in Evocations
 15079 | D:9      | Noticed a deep elf pyromancer
 15086 | D:10     | Slain by a white ugly thing

Illustrated notes

Levels and vault maps discovered:
D:1:      dpeg_arrival_tiny_a, layout_basic,
          hellmonk_ecumenical_altar_dog_temple
D:2:      layout_basic, minmay_misc_feat_x, uniq_natasha, uniq_terence
D:3:      layout_loops_ring
D:4:      layout_loops_corners
D:5:      layout_rooms, minitemple, portal_sewer_entry_a, uniq_sigmund
D:6:      layout_basic, minmay_temple_entry_hall, serial_shops,
          nicolae_shop_hallway_stairs, nicolae_water_bricks,
          serial_bayou_pond_d, uniq_pikel, uniq_crazy_yiuf_cottage, uniq_maggie
D:7:      layout_cave_pools, grunt_gozag_statues, kennysheep_mini,
          grunt_ministairs_14
D:8:      layout_loops_corners, due_lair_maze_entry_diamond
D:9:      cheibrodos_elevator_heist, layout_loops_ring, zin_scriptorium,
          gammafunk_temple_overflow_wave
D:10:     layout_cave_pools, hiddenorc1_lemuel, gammafunk_ghost_hydra_chop,
          minmay_misc_feat_rows

Skill      XL: |  1  2  3  4  5  6  7  8  9 10 11 |
---------------+----------------------------------+-----
Fighting       | 1 2 3 4 5 |  5.8
Conjurations   | 2 3 4 5 6 7 8 |  8.0
Fire Magic     | 4 5 6 7 8 9 10 | 10.2
Dodging        | 3 4 5 6 7 |  7.0
Spellcasting   | 3 4 5 |  5.9
Armour         | 1 2 3 4 5 |  5.9
Shields        | 1 3 4 5 |  5.4
Staves         | 1 |  1.1
Evocations     | 1 |  1.0
Stealth        | |  2.0

Action                   |  1- 3 |  4- 6 |  7- 9 | 10-12 || total
-------------------------+-------+-------+-------+-------++-------
Melee: Dagger            |    18 |    28 |    20 |       ||    66
       Kick              |     5 |     9 |    29 |    38 ||    81
       Peck              |     1 |     6 |    20 |    12 ||    39
       Staff             |       |       |    47 |    91 ||   138
 Cast: Foxfire           |    61 |    96 |   156 |   122 ||   435
       Scorch            |       |    34 |    63 |    76 ||   173
       Conjure Flame     |       |       |     5 |    19 ||    24
       Flame Wave        |       |       |     1 |       ||     1
Invok: Curse Item        |       |       |       |     2 ||     2
  Use: Scroll            |     3 |     6 |    17 |     3 ||    29
       Potion            |     1 |     2 |     4 |     1 ||     8
Armor: Robe              |    10 |    17 |       |       ||    27
       Swamp dragon scal |       |    11 |    79 |    64 ||   154
Dodge: Dodged            |    32 |    64 |   132 |   152 ||   380
Block: Kite shield       |       |       |    20 |   116 ||   136

Table legend: (Time is in decaauts)
 A = Elapsed time spent in this place.
 B = Non-inter-level travel time spent in this place.
 C = Inter-level travel time spent in this place.
 D = Time resting spent in this place.
 E = Time spent auto-exploring this place.
 F = Levels seen in this place.
 G = Mean time per level.
                   A        B        C        D        E       F      G
               +--------+--------+--------+--------+--------+-----+--------+
         Total |  14584 |  14163 |    421 |    959 |  10607 |  11 | 1325.8 |
       Dungeon |  13561 |  13140 |    421 |    819 |   9963 |  10 | 1356.1 |
         Sewer |   1022 |   1022 |      0 |    140 |    643 |   1 | 1022.0 |
               +--------+--------+--------+--------+--------+-----+--------+

Top non-repeatable levels by time:
     D:5: 2046 daAuts
     D:8: 2003 daAuts
     D:9: 1980 daAuts
     D:1: 1613 daAuts
     D:6: 1334 daAuts
     D:3: 1261 daAuts
     D:2: 1200 daAuts
     D:4: 1175 daAuts
   Sewer: 1022 daAuts
     D:7: 663 daAuts
    D:10: 282 daAuts
